 Dungeon Crawl Stone Soup version 0.29.1-13-g9f3cf754e1 (webtiles) character file.

Game seed: 11175024734629579832

376 croobank the Sneak (level 6, -1/39 HPs)
             Began as an Octopode Fire Elementalist on Jan 19, 2023.
             Slain by an iron imp (11 damage)
             ... summoned by Eustachio
             ... on level 4 of the Dungeon.
             The game lasted 00:14:36 (2997 turns).

croobank the Sneak (Octopode Fire Elementalist)     Turns: 2997, Time: 00:14:36

Health: -1/39      AC:  1    Str:  7    XL:     6   Next: 73%
Magic:  10/10      EV: 14    Int: 19    God:
Gold:   105        SH:  0    Dex: 13    Spells: 2/11 levels left

rFire   . . .      SeeInvis .   i - +3 mace
rCold   . . .      Faith    .   (no shield)
rNeg    . . .      Spirit   .   (helmet restricted)
rPois   .          Reflect  .   g - amulet of magic regeneration
rElec   .          Harm     .   (no ring)
rCorr   .          Rampage  .   (no ring)
Will    .....                   (no ring)
Stlth   ++++......              (no ring)
HPRegen 0.13/turn               (no ring)
MPRegen 0.52/turn               (no ring)
                                (no ring)
                                (no ring)

@: wereblooded
A: almost no armour, amphibious, 8 rings, camouflage 1, gelatinous body 1,
(nimble swimmer 1), tentacles
a: no special abilities


You were on level 4 of the Dungeon.
You visited 1 branch of the dungeon, and saw 4 of its levels.

You collected 105 gold pieces.

Inventory:

Hand Weapons
 i - a +3 mace (weapon)
 k - a +1 flail of protection
 o - a +1 vampiric dagger
 p - a +4 dagger
Armour
 q - a +0 buckler
Jewellery
 g - an amulet of magic regeneration (around mantle)
 n - an amulet of the acrobat
Scrolls
 b - 2 scrolls of fog
 c - 2 scrolls of teleportation
 d - 5 scrolls of identify
Potions
 a - a potion of magic
 e - a potion of cancellation
 f - a potion of attraction {unknown}
 j - 2 potions of lignification {unknown}
 l - a potion of flight
 m - a potion of brilliance {unknown}


   Skills:
 + Level 2.0 Fighting
 + Level 3.1 Dodging
 + Level 4.5 Stealth
 + Level 0.8 Shields
 + Level 3.0 Spellcasting
 + Level 2.5 Conjurations
 + Level 1.9 Hexes
 + Level 0.0 Transmutations
 + Level 3.8 Fire Magic


You had 2 spell levels left.
You knew the following spells:

 Your Spells              Type           Power      Damage    Failure   Level
a - Foxfire               Conj/Fire      60%        2x1d7     4%          1
b - Scorch                Fire           34%        2d7       4%          2
c - Inner Flame           Hex/Fire       13%        N/A       14%         3
d - Beastly Appendage     Tmut           4%         N/A       16%         1
e - Wereblood             Tmut           2%         N/A       22%         2

Your spell library contained the following spells:

 Spells                   Type           Power      Damage    Failure   Level
 Conjure Flame            Conj/Fire      15%        6-21      12%         3
 Flame Wave               Conj/Fire      15%        2d7       38%         4
 Spider Form              Tmut/Pois      2%         N/A       41%         3


Dungeon Overview and Level Annotations

Branches:
Dungeon (4/15)
 Temple: D:4-7

Altars:
Sif Muna
Yredelemnul

Shops:
D:2 (   D:3 :!*!   D:4 !:

Annotations:
D:4 Eustachio


Innate Abilities, Weirdness & Mutations

You cannot wear most types of armour.
You are amphibious.
You can wear up to eight rings at the same time.
Your skin changes colour to match your surroundings (Stealth+).
Your rubbery body absorbs attacks. (AC +1, EV +1)
((You are camouflaged when in or above water. (Stealth+)))
You have tentacles for arms and can constrict up to eight enemies at once.


Message History

Casting: Foxfire (safe; 4% risk of failure)
Confirm with . or Enter, or press ? or * to list all spells.
You conjure some foxfire!
The foxfire hits the quasit.
The quasit resists.
The quasit is lightly wounded.
The iron imp hits you! The crimson imp closely misses you.
Casting: Foxfire (safe; 4% risk of failure)
Confirm with . or Enter, or press ? or * to list all spells.
You conjure some foxfire!
The foxfire hits the iron imp but does no damage.
The iron imp hits you!
* * * LOW HITPOINT WARNING * * *
The foxfire hits the goblin.
You feel a bit better.
You kill the goblin!
The crimson imp hits you.
* * * LOW HITPOINT WARNING * * *
You thump the crimson imp! Your grab misses the crimson imp.
You pierce the crimson imp, but do no damage.
The crimson imp is severely wounded.
Your tentacle spike disappears.
The foxfire hits the iron imp but does no damage.
The quasit bites you.
* * * LOW HITPOINT WARNING * * *
The quasit closely misses you. The quasit barely misses you.
The quasit closely misses you. The quasit claws you.
* * * LOW HITPOINT WARNING * * *
The quasit closely misses you.
Eustachio mumbles some strange words.
The iron imp hits you.
* * * LOW HITPOINT WARNING * * *
The crimson imp blinks!
The quasit bites you.
* * * LOW HITPOINT WARNING * * *
The quasit claws you.
* * * LOW HITPOINT WARNING * * *
The quasit barely misses you.
Okay, then.
You feel better. The quasit completely misses you.
The quasit barely misses you. The quasit closely misses you.
The iron imp hits you!
You die...

#.##......
#.........
##.........
##r.........
#...........
#...r.......
#...)......
##55......
#####@5.......
#.............
#....##.......
##..†.# ##....#
####...#### ##...#
##.#....###.##..###
#................
#....#.[#####...#
#........# ##..##


You could see an iron imp (summoned), a quasit (summoned), a crimson imp
(summoned) and a quokka (summoned).

Vanquished Creatures
  Edmund (D:4)
  A black bear (D:3)
  Robin (D:3)
  6 gnolls
  3 adders (D:2)
  A dart slug (D:3)
  An orc (D:3)
  4 bats
  3 endoplasms (D:1)
  2 giant cockroaches
  10 goblins
  10 hobgoblins
  7 jackals
  2 quokkas
  7 ball pythons
  3 frilled lizards
  5 kobolds
  9 rats
76 creatures vanquished.

Vanquished Creatures (others)
  253 foxfires
253 creatures vanquished.

Grand Total: 329 creatures vanquished

Notes
Turn   | Place    | Note
-------+----------+-------------------------------------------
     0 | D:1      | croobank the Octopode Fire Elementalist began the quest for
                  | the Orb.
     0 | D:1      | Reached XP level 1. HP: 11/11 MP: 3/3
   296 | D:1      | Reached XP level 2. HP: 17/17 MP: 1/5
   299 | D:1      | Learned a level 2 spell: Scorch
   401 | D:1      | Reached skill level 3 in Stealth
   852 | D:1      | Reached XP level 3. HP: 22/22 MP: 6/6
   856 | D:1      | Learned a level 3 spell: Inner Flame
  1040 | D:2      | Found Kumeroreu's Weapon Shoppe.
  1101 | D:2      | Reached skill level 1 in Fighting
  1101 | D:2      | Reached XP level 4. HP: 22/28 MP: 5/7
  1248 | D:2      | Found a basalt altar of Yredelemnul.
  1377 | D:2      | Found a faded altar of an unknown god.
  1708 | D:3      | Found a shimmering blue altar of Sif Muna.
  1772 | D:3      | Reached skill level 1 in Hexes
  1933 | D:3      | Found Wehig's Distillery.
  2014 | D:3      | Noticed Robin
  2032 | D:3      | Reached XP level 5. HP: 33/33 MP: 3/8
  2034 | D:3      | Killed Robin
  2341 | D:3      | Found Rafyorups's Assorted Antiques.
  2401 | D:3      | Found Isir's Book Boutique.
  2418 | D:3      | Found Miept's Distillery.
  2515 | D:3      | Noticed a black bear
  2521 | D:3      | Killed a black bear
  2522 | D:3      | Reached skill level 4 in Stealth
  2522 | D:3      | Reached XP level 6. HP: 26/39 MP: 10/10
  2669 | D:4      | Found Usugg's Book Shop.
  2679 | D:4      | Noticed Edmund
  2709 | D:4      | Killed Edmund
  2917 | D:4      | Found Naczet's Distillery.
  2966 | D:4      | Noticed Eustachio
  2980 | D:4      | Learned a level 1 spell: Beastly Appendage
  2983 | D:4      | Learned a level 2 spell: Wereblood
  2996 | D:4      | HP: 1/39 [quasit[Eustachio] (1)]
  2997 | D:4      | Slain by an iron imp

Illustrated notes

Levels and vault maps discovered:
D:1:      evilmike_arrival_plus, layout_loops_ring, hex_medium
D:2:      layout_rooms, serial_shops, nicolae_shop_bloodbath_and_beyond,
          basic_altar, nicolae_ecumenical_snake_handling, st_stairs_1
D:3:      layout_rooms, lemuel_doored_altar, serial_shops,
          nicolae_shop_advertising_works [nicolae_subvault_shop_adworks],
          nicolae_square_shop, shop, nicolae_lakefront_shop, uniq_robin
D:4:      minmay_evil_eye, layout_cave_pools, lemuel_coloured_pillars_altar,
          eat_drink_and_be_merry_uskayaw, serial_shops, shop, shop,
          nicolae_shop_waterfront, nicolae_lakefront_shop, nicolae_shop_trees,
          uniq_edmund, uniq_eustachio, uniq_crazy_yiuf_cottage, uniq_duvessa

Skill      XL: |  1  2  3  4  5  6 |
---------------+-------------------+-----
Stealth        | 3 4 |  4.5
Fighting       | 1 2 |  2.0
Hexes          | 1 |  1.9
Conjurations   | 2 |  2.5
Dodging        | 3 |  3.1
Spellcasting   | 3 |  3.0
Shields        | |  0.8
Fire Magic     | |  3.8

Action                   |  1- 3 |  4- 6 || total
-------------------------+-------+-------++-------
Melee: Unarmed           |     3 |       ||     3
       Tentacles         |     2 |    11 ||    13
       Mace              |     5 |    27 ||    32
       Constrict         |     1 |     6 ||     7
       Punch             |       |     1 ||     1
       Kick              |       |     1 ||     1
 Cast: Foxfire           |    58 |    94 ||   152
       Scorch            |     1 |       ||     1
       Beastly Appendage |       |     1 ||     1
       Wereblood         |       |     1 ||     1
  Use: Scroll            |       |     9 ||     9
       Potion            |       |     3 ||     3
Armor: Skin              |     3 |     3 ||     6
Dodge: Dodged            |     8 |    35 ||    43
